 Dungeon Crawl Stone Soup version 0.31-a0-369-g8eba5f6939 (webtiles) character file.

Game seed: 7455446323134931045

46 spiderkeys the Ruffian (level 3, -1/36 HPs)
             Began as an Octopode Shapeshifter on July 28, 2023.
             Succumbed to an adder's poison
             ... on level 2 of the Dungeon.
             The game lasted 00:01:32 (806 turns).

spiderkeys the Ruffian (Octopode Shapeshifter)       Turns: 806, Time: 00:01:33

Health: -1/36      AC: 21    Str: 16    XL:     3   Next: 68%
Magic:  3/3        EV:  2    Int: 10    God:
Gold:   52         SH:  0    Dex: 12    Spells: 2/2 levels left

rFire   . .          .
                       - Unarmed
rCold   . . .        (no shield)
rNeg    . . .        (helmet currently unavailable)
rPois   +            (no amulet)
rElec   .            (no ring)
rCorr   .            (no ring)
SInv    .            (no ring)
Will    .....        (no ring)
Stlth   +            (no ring)
HPRegen 0.26/turn    (no ring)
MPRegen 0.08/turn    (no ring)
                     (no ring)

%: no passive effects
@: lethally poisoned (-1 -> -13), tree-form
A: stationary, stasis, torment immunity, boosted hp, almost no armour,
(amphibious), 8 rings, (camouflage 1), (gelatinous body 1), (nimble swimmer 1),
(tentacles)
a: no special abilities


You were on level 2 of the Dungeon.
You were a tree.
You visited 1 branch of the dungeon, and saw 2 of its levels.

You collected 52 gold pieces.


Innate Abilities, Weirdness & Mutations

You are a tree.
Your roots penetrate the ground, keeping you stationary.
You cannot be teleported.
You are immune to unholy pain and torment.
Your maximum health is greatly increased.
You cannot wear most types of armour.
((You are amphibious.))
You can wear up to eight rings at the same time.
((Your skin changes colour to match your surroundings (Stealth+).))
((Your rubbery body absorbs attacks. (AC +1, EV +1)))
((You are camouflaged when in or above water. (Stealth+)))
((You have tentacles for arms and can constrict up to eight enemies at once.))


   Skills:
 + Level 1.8 Fighting
 + Level 2.5 Dodging
 + Level 3.4 Unarmed Combat
 + Level 3.3 Shapeshifting


You had 2 spell levels left.
You didn't know any spells.
Your spell library contained the following spells:

 Spells                   Type           Power      Damage    Failure   Level
 Apportation              Tloc           0%         N/A       36%         1
 Necrotise                Necr           0%         1d4       36%         1
 Summon Small Mammal      Summ           0%         N/A       36%         1

Inventory:

Missiles
 e - 15 stones
Talismans
 b - a beast talisman
Scrolls
 c - a scroll of poison {!r}
 d - 2 scrolls of teleportation {@r4}

Dungeon Overview and Level Annotations

Branches:
Dungeon (2/15) Zot: 11196

Altars:

### ### .. ..# .. #.#
.##.# #$ ...#
.#...###..#########
....8.Sā™£.....$....##
.###...#...........##
#..?#............#
#.###)...........#
#..#........$......#
..##...............#
.?.....ā€
.............
#####...............#
#................


You could see an adder.


Message History

A worm is nearby!
A worm is nearby!
A worm is nearby!
A rat comes into view.
You tentacle-slap the worm but do no damage.
Your grab misses the worm. You tentacle-slap the worm. You grab the worm.
You constrict the worm. The worm misses you.
You barely miss the worm. You squeeze the worm! You constrict the worm.
The worm bites you. šŸ˜• HP[-4]
You take 4 damage, and now have 19/23 hp.
You bludgeon the worm!
You kill the worm!
A kobold comes into view. It is wielding a +0 dagger.
The kobold throws a stone.
The stone barely misses you. The rat bites you. šŸ˜• HP[-1]
You take 1 damage, and now have 18/23 hp.
You closely miss the rat. Your grab misses the rat.
The kobold throws a stone.
The stone barely misses you. The rat barely misses you.
You tentacle-slap the rat.
You kill the rat!
The kobold throws a stone.
The stone misses you. šŸ˜• HP[+1]
You closely miss the kobold. You grab the kobold.
Your squeeze misses the kobold.
You constrict the kobold, but do no damage.
The kobold misses you.
You barely miss the kobold. You squeeze the kobold. You constrict the kobold.
You kill the kobold!
No target in view!
No target in view!
No target in view!
e - 15 stones (gained 2)
Things that are here:
a +0 dagger; a kobold corpse You now have 52 gold pieces (gained 9).
An adder comes into view. šŸ˜Ž HP[+4]
Your hp is fully restored (23).
An adder is nearby!
An adder is nearby!
An adder is nearby!
An adder comes into view.
The adder hisses angrily.
An adder comes into view.
The helpless adder fails to defend itself.
You bludgeon the adder!
The adder hisses angrily.
Your grab misses the adder. The adder barely misses you. The adder bites you.
You are poisoned.
The adder poisons you! šŸ˜• HP[-2]
You take 2 damage, and now have 21/23 hp.
You barely miss the adder. Your grab misses the adder.
You feel sick. The adder bites you. šŸ˜® HP[-5]
You take 5 damage, and now have 16/23 hp.
MASSIVE DAMAGE!! (PAUSE)
You miss the adder. You grab the adder.
Your tentacle-slap misses the adder.
You constrict the adder.
You kill the adder!
You feel sick. The adder barely misses you.
You now have 24 max hp (+1).
You miss the adder. You grab the adder. You constrict the adder.
You feel sick. The adder bites you.
You are more poisoned.
The adder poisons you! šŸ˜® HP[-2]
You take 2 damage, and now have 14/24 hp.
You tentacle-slap the adder. You squeeze the adder!
You kill the adder!
You feel sick. The adder bites you.
* * * LOW HITPOINT WARNING * * *
šŸ˜Ø HP[-4]
You take 4 damage, and now have 10/24 hp.
You barely miss the adder. Your grab misses the adder.
Your squeeze misses the adder.
You feel sick. The adder bites you.
* * * LOW HITPOINT WARNING * * *
You are lethally poisoned!
The adder poisons you! šŸ˜Ø HP[-3]
You take 3 damage, and now have 7/24 hp.
You tentacle-slap the adder. You grab the adder.
You constrict the adder, but do no damage.
* * * LOW HITPOINT WARNING * * *
You feel very sick. The adder bites you.
* * * LOW HITPOINT WARNING * * *
You are more poisoned.
The adder poisons you! šŸ˜± HP[-6]
You take 6 damage, and now have 1/24 hp.
MASSIVE DAMAGE!! (PAUSE) Really quaff
a - a potion of lignification {!q}?
Really quaff the potion of lignification?
Your transformation has ended.
You turn into a tree.
Your roots penetrate the ground.
You lose your grip on the adder.
You die...

Action                     || total
---------------------------++-------
  Melee: Unarmed           ||    46
         Constrict         ||    15
         Tentacles         ||     8
         Punch             ||     1
    Use: Scroll            ||     3
         Potion            ||     1
   Stab: Sleeping          ||     5
 Armour: Skin              ||     3
  Dodge: Dodged            ||    26

Levels and vault maps discovered:
D:1:      roderic_octagonal_star, layout_basic, ebering_ecumenical_altar_mist
D:2:      layout_rooms, minmay_pentomino_v4

Notes
Turn   | Place    | Note
-------+----------+-------------------------------------------
     0 | D:1      | spiderkeys the Octopode Shapeshifter began the quest for
                  | the Orb.
     0 | D:1      | Reached XP level 1. HP: 13/13 MP: 1/1
     0 | D:1      | magus.rc [v1.11.6]
   121 | D:1      | HP: 3/13 [hobgoblin (5)]
   123 | D:1      | Reached XP level 2. HP: 5/18 MP: 2/2
   180 | D:1      | You add the spells Necrotise, Summon Small Mammal and
                  | Apportation to your library.
   466 | D:1      | Found a faded altar of an unknown god.
   736 | D:2      | Reached XP level 3. HP: 23/23 MP: 3/3
   805 | D:2      | HP: 4/24 [poisoned by an adder]
   805 | D:2      | HP: 1/24 [adder (3)]
   806 | D:2      | Succumbed to an adder's poison

Vanquished Creatures
  2 adders (D:2)
  A worm (D:2)
  2 dart slugs
  3 bats (D:1)
  2 endoplasms (D:1)
  A giant cockroach (D:2)
  A goblin (D:1)
  2 hobgoblins (D:1)
  2 quokkas (D:1)
  A frilled lizard (D:1)
  2 kobolds (D:2)
  4 rats
23 creatures vanquished.

Table legend:
 A = Non-vault XP
 B = Vault XP
 C = Vault XP percentage of total XP
 D = Non-vault monster count
 E = Vault monster count
 F = Vault count percentage of total count
                 A         B        C        D         E       F
            +---------+---------+-------+---------+---------+-------
      Total |      52 |      15 |  22.4 |      20 |       3 |  13.0
            +---------+---------+-------+---------+---------+-------
        D:1 |      27 |       0 |   0.0 |      15 |       0 |   0.0
        D:2 |      25 |      15 |  37.5 |       5 |       3 |  37.5
            +---------+---------+-------+---------+---------+-------

Action                     || total
---------------------------++-------
  Melee: Unarmed           ||    46
         Constrict         ||    15
         Tentacles         ||     8
         Punch             ||     1
    Use: Scroll            ||     3
         Potion            ||     1
   Stab: Sleeping          ||     5
 Armour: Skin              ||     3
  Dodge: Dodged            ||    26

Illustrated notes

Table legend:
 A = Kills in this place as a percentage of kills in the entire game.
 B = Kills by you in this place as a percentage of kills by you in the entire game.
 C = Kills by friends in this place as a percentage of kills by friends in the entire game.
 D = Other kills in this place as a percentage of other kills in the entire game.
 E = Experience gained in this place as a percentage of experience gained in the entire game.
 F = Experience gained in this place divided by the number of levels of this place that you have seen.
                   A       B       C       D       E      F
               +-------+-------+-------+-------+-------+----------------------
         Total | 100.0 | 100.0 |   N/A |   N/A | 100.0 |  33.5
       Dungeon | 100.0 | 100.0 |   N/A |   N/A | 100.0 |  33.5
               +-------+-------+-------+-------+-------+----------------------

Table legend: (Time is in decaauts)
 A = Elapsed time spent in this place.
 B = Non-inter-level travel time spent in this place.
 C = Inter-level travel time spent in this place.
 D = Time resting spent in this place.
 E = Time spent auto-exploring this place.
 F = Levels seen in this place.
 G = Mean time per level.
                   A        B        C        D        E       F      G
               +--------+--------+--------+--------+--------+-----+--------+
         Total |    803 |    776 |     27 |     49 |    586 |   2 |  401.5 |
       Dungeon |    803 |    776 |     27 |     49 |    586 |   2 |  401.5 |
               +--------+--------+--------+--------+--------+-----+--------+

Top non-repeatable levels by time:
     D:1: 703 daAuts
     D:2: 99 daAuts
